 Dungeon Crawl Stone Soup version 0.30.0-11-gf55b779eaf (webtiles) character file.

Game seed: 4892918901157376342

3256 RascalDebosk the Trooper (level 10, -9/75 HPs)
             Began as a Djinni Fire Elementalist on May 16, 2023.
             Was an Initiate of Ashenzari.
             Mangled by a human
             ... wielding a +2 heavy hand axe
              (11 damage)
             ... in a bailey.
             The game lasted 00:36:43 (6154 turns).

RascalDebosk the Trooper (Djinni Fire Elementalist) Turns: 6154, Time: 00:36:43

Health: -9/75      AC: 14    Str:  7    XL:     10   Next: 19%
Gold:   20         EV: 11    Int: 22    God:    Ashenzari [......] SH:  0 Dex: 13

rFire   + + .        s - +2 dagger (elec)
rCold   x . .        (no shield)
rNeg    . . .        z - +4 ring mail
rPois   ∞            b - +0 helmet
rElec   .            u - +1 cloak "Overhang to Understand" {Will+, Cun, Self} (curse)
rCorr   .            e - +0 pair of gloves
SInv    +            (boots unavailable)
Will    ++...        (no amulet)
Stlth   ++           h - ring of see invisible
HPRegen 0.32/turn    (no ring)
MPRegen 0.00/turn

%: infuse magic (-10 HP)
@: flying
A: sickness immunity, fire resistance 2, cold vulnerability 1, float, innate
caster, HP casting, extra vitality 1
a: Renounce Religion, Curse Item, Shatter the Chains


You were in a bailey.
You worshipped Ashenzari.
Ashenzari was noncommittal.
You visited 2 branches of the dungeon, and saw 8 of its levels.
You also visited: Bailey.

You collected 422 gold pieces.
You spent 402 gold pieces at shops.

Inventory:

Hand Weapons
 s - a +2 dagger of electrocution (weapon)
Armour
 b - a +0 helmet (worn)
 e - a +0 pair of gloves (worn)
 u - the cursed +1 cloak "Overhang to Understand" (worn) {Will+, Cun, Self}
   (You bought it in a shop on level 2 of the Dungeon)

   It has a curse which improves the following skills: Cunning: Dodging and
   Stealth.
   Introspection: Fighting and Spellcasting.
 z - a +4 ring mail (worn)
Jewellery
 h - a ring of see invisible (left hand)
 r - the amulet of Dawn {Reflect -Cast -Tele Str+8 SH+5 SInv}
   (You found it on level 6 of the Dungeon)

   [amulet of reflection]

   It reflects blocked missile attacks.
   Str:       It affects your strength (+8).
   SInv:      It lets you see invisible.
   -Cast:     It prevents spellcasting.
   -Tele:     It prevents most forms of teleportation.
   SH:        It affects your SH (+5).
Wands
 x - a wand of digging (5)
 y - a wand of light (9)
Scrolls
 f - a scroll of fog
 i - 5 scrolls of identify
 p - a scroll of vulnerability
Potions
 c - a potion of cancellation {unknown}
 d - a potion of degeneration {unknown}
 j - a potion of attraction {unknown}
 k - 2 potions of haste
 l - a potion of invisibility {unknown}
 m - a potion of brilliance {unknown}
 n - a potion of mutation {unknown}
 o - a potion of berserk rage {unknown}
 q - 3 potions of curing
 t - a potion of lignification {unknown}
 v - 2 potions of ambrosia {unknown}


   Skills:
 * Level 7.0(7.4) Fighting
 + Level 4.3 Short Blades
 - Level 4.0 Armour
 + Level 3.8(4.2) Dodging
 + Level 3.0(3.4) Stealth
 * Level 6.8(7.2) Spellcasting
 + Level 2.6 Evocations


You knew the following spells:

 Your Spells              Type           Power      Damage    Failure   Level
a - Foxfire               Conj/Fire      100%       2x1d9     1%          1
b - Scorch                Fire           78%        2d8       1%          2
c - Volatile Blastmotes   Fire/Tloc      78%        2d16      3%          3
d - Inner Flame           Hex/Fire       39%        N/A       3%          3
e - Flame Wave            Conj/Fire      39%        2d11      13%         4
f - Apportation           Tloc           78%        N/A       1%          1
g - Static Discharge      Conj/Air       78%        2-6/arc   1%          2
h - Vampiric Draining     Necr           39%        2d8       3%          3
i - Gell's Gravitas       Tloc           39%        N/A       3%          3
Your spell library was empty.

Dungeon Overview and Level Annotations

Branches:
Dungeon (7/15)             Temple (1/1) D:5          Bailey (1/1)

Altars:
Ashenzari
Cheibriados
Dithmenos
Fedhas
Gozag
Hepliaklqana
Makhleb
Okawaru
Qazlal
Ru
Trog
Uskayaw
Wu Jian
Xom
Yredelemnul
The Shining One

Shops:
D:2 [   D:6 [?*


Innate Abilities, Weirdness & Mutations

You are immune to sickness and miasma.
You are immune to poison.
Your flesh is very heat resistant. (rF++)
You are vulnerable to cold. (rC-)
You float through the air rather than walking.
You learn spells naturally, not from books.
Your magical power is your life essence.
You have superior vitality. (+4 MHP)


Message History

The orc warrior is engulfed in a cloud of scalding steam.
The orc warrior hits you but does no damage.
The orc warrior barely misses your foxfire.
Casting: Foxfire (safe; 1% risk of failure)
Confirm with . or Enter, or press ? or * to list all spells.
You conjure some foxfire!
* * * LOW HITPOINT WARNING * * *
The foxfire hits the orc warrior but does no damage.
The orc warrior is severely wounded.
The foxfire hits the orc.
You kill the orc!
The orc warrior is engulfed in a cloud of scalding steam.
The orc warrior closely misses you. The orc warrior misses your foxfire.
Casting: Foxfire (safe; 1% risk of failure)
Confirm with . or Enter, or press ? or * to list all spells.
You conjure some foxfire!
* * * LOW HITPOINT WARNING * * *
The foxfire hits the human.
The human is heavily wounded.
The orc warrior is engulfed in a cloud of scalding steam.
You kill the orc warrior!
You hear a splash. x2
The human is engulfed in a cloud of scalding steam.
Casting: Foxfire (safe; 1% risk of failure)
Confirm with . or Enter, or press ? or * to list all spells.
You conjure some foxfire!
* * * LOW HITPOINT WARNING * * *
The foxfire hits the human but does no damage.
The human is severely wounded.
The foxfire hits the human.
The human is almost dead.
The foxfire hits the human but does no damage.
Casting: Foxfire (safe; 1% risk of failure)
Confirm with . or Enter, or press ? or * to list all spells.
You conjure some foxfire!
* * * LOW HITPOINT WARNING * * *
The human splashes around in the water.
Casting: Foxfire (safe; 1% risk of failure)
Confirm with . or Enter, or press ? or * to list all spells.
Flames lash the human.
The human is almost dead.
The human's fire resistance burns away.
* * * LOW HITPOINT WARNING * * *
The foxfire hits the human but does no damage.
The human is almost dead.
The foxfire hits the human but does no damage.
The human is almost dead.
The human is engulfed in a cloud of scalding steam.
You kill the human!
You hear a splash. x2
The human hits you with a +2 heavy hand axe!
* * * LOW HITPOINT WARNING * * *
Your Fighting skill increases to level 7!
Your Stealth skill increases to level 3!
Casting: Scorch (safe; 1% risk of failure)
Confirm with . or Enter, or press ? or * to list all spells.
You conjure some foxfire!
* * * LOW HITPOINT WARNING * * *
Casting: Foxfire (safe; 1% risk of failure)
Confirm with . or Enter, or press ? or * to list all spells.
You conjure some foxfire!
* * * LOW HITPOINT WARNING * * *
The foxfire hits the human but does no damage.
The foxfire hits the human.
The human is lightly wounded.
The human is engulfed in a cloud of scalding steam.
The human hits you but does no damage.
The human hits your foxfire with a +2 heavy hand axe.
Casting: Foxfire (safe; 1% risk of failure)
Confirm with . or Enter, or press ? or * to list all spells.
You conjure some foxfire!
* * * LOW HITPOINT WARNING * * *
The foxfire hits the human.
The human is moderately wounded.
The human is engulfed in a cloud of scalding steam.
The human closely misses you.
The human hits your foxfire with a +2 heavy hand axe!
Casting: Foxfire (safe; 1% risk of failure)
Confirm with . or Enter, or press ? or * to list all spells.
You conjure some foxfire!
* * * LOW HITPOINT WARNING * * *
The foxfire hits the human.
The human is moderately wounded.
The foxfire hits the human but does no damage.
The human is moderately wounded.
Casting: Foxfire (safe; 1% risk of failure)
Confirm with . or Enter, or press ? or * to list all spells.
You conjure some foxfire!
* * * LOW HITPOINT WARNING * * *
The foxfire hits the human.
The human is heavily wounded.
The human barely misses you.
The human hits your foxfire with a +2 heavy hand axe.
Unknown command.
The foxfire hits the human but does no damage.
The human is heavily wounded.
The foxfire hits the human.
The human is heavily wounded.
The human hits you with a +2 heavy hand axe!
You die...

#### ..... #####
......##...## #
#o.p.)..∩..# ###.
######)....#
#....##~~~'..∩..#
.....#~~~~##...##
.....)~~~~~#####
#§@p~~# ##~~~##
#####


You could see a human.

Vanquished Creatures
  The ghost of gelatine the Stinger, an amateur DsVM (D:4)
  Sigmund (D:2)
  4 humans (Bailey)
  A steam dragon (D:6)
  A sky beast (D:6)
  2 water moccasins
  2 ice beasts
  An orc warrior (Bailey)
  A black bear (D:5)
  2 ogres
  A kobold brigand (D:5)
  A phantom (D:6)
  2 bullfrogs (Bailey)
  A gnoll sergeant (D:6)
  A scorpion (D:6)
  5 killer bees (D:7)
  A howler monkey (D:5)
  2 jellies
  5 hounds
  3 iguanas
  3 orc wizards
  Terence (D:2)
  15 gnolls
  5 adders
  A shadow imp (D:6)
  A white imp (D:5)
  An ufetubus (D:5)
  6 worms
  2 dart slugs
  17 orcs
  2 bats (D:2)
  7 endoplasms
  3 giant cockroaches
  9 goblins
  8 hobgoblins
  28 kobolds
  3 quokkas (D:2)
  9 ball pythons
  2 frilled lizards (D:2)
  3 rats
164 creatures vanquished.

Vanquished Creatures (collateral kills)
  46 foxfires
46 creatures vanquished.

Vanquished Creatures (others)
  604 foxfires
604 creatures vanquished.

Grand Total: 814 creatures vanquished

Notes
Turn   | Place    | Note
-------+----------+-------------------------------------------
     0 | D:1      | RascalDebosk the Djinni Fire Elementalist began the quest
                  | for the Orb.
     0 | D:1      | RascalDebosk set off with the following spells memorised:
                  | Foxfire, Scorch, Volatile Blastmotes, Inner Flame, Flame
                  | Wave.
     0 | D:1      | Reached XP level 1. HP: 15/15 MP: 0/0
   106 | D:1      | Reached XP level 2. HP: 20/21 MP: 0/0
   280 | D:1      | Reached XP level 3. HP: 17/25 MP: 0/0
   280 | D:1      | Learned a level 1 spell: Apportation
   772 | D:2      | Found Qaunias's Armour Shoppe.
   782 | D:2      | Found a bloodstained altar of Trog.
   786 | D:2      | Noticed Sigmund
   792 | D:2      | Killed Sigmund
   793 | D:2      | Reached skill level 2 in Fighting
   793 | D:2      | Reached XP level 4. HP: 27/33 MP: 0/0
   793 | D:2      | Reached XP level 5. HP: 31/38 MP: 0/0
   793 | D:2      | Learned a level 2 spell: Static Discharge
   793 | D:2      | Reached XP level 6. HP: 35/43 MP: 0/0
   895 | D:2      | Noticed Terence
   901 | D:2      | Killed Terence
  1622 | D:3      | Found a hazy altar of Hepliaklqana.
  1667 | D:3      | Found a blossoming altar of Fedhas.
  1766 | D:3      | Reached skill level 3 in Fighting
  1975 | D:2      | Bought a +0 cloak of willpower for 138 gold pieces
  2321 | D:4      | Noticed an ogre
  2326 | D:4      | Killed an ogre
  2327 | D:4      | Reached skill level 5 in Spellcasting
  2327 | D:4      | Reached XP level 7. HP: 43/51 MP: 0/0
  2327 | D:4      | Learned a level 3 spell: Vampiric Draining
  2708 | D:4      | Found a runed translucent door.
  3192 | D:4      | Noticed gelatine's ghost (amateur DsVM)
  3200 | D:4      | Killed gelatine's ghost
  3201 | D:4      | Reached skill level 4 in Fighting
  3201 | D:4      | Reached skill level 1 in Short Blades
  3201 | D:4      | Reached skill level 1 in Armour
  3258 | D:5      | Entered Level 5 of the Dungeon
  3290 | D:5      | Found a bloodstained altar of Trog.
  3296 | D:5      | Reached XP level 8. HP: 55/58 MP: 0/0
  3655 | D:5      | Found a staircase to the Ecumenical Temple.
  3664 | Temple   | Entered the Ecumenical Temple
  3677 | Temple   | Became a worshipper of Ashenzari the Shackled
  4301 | D:5      | Reached skill level 5 in Fighting
  4854 | D:5      | Reached XP level 9. HP: 62/65 MP: 0/0
  4854 | D:5      | Learned a level 3 spell: Gell's Gravitas
  5104 | D:6      | Found a burning altar of Makhleb.
  5131 | D:6      | Identified the amulet of Dawn {Reflect -Cast -Tele Str+8
                  | SH+5 SInv}
  5197 | D:6      | Found Oleal's Magic Scroll Emporium.
  5204 | D:6      | Bought a scroll of blinking for 90 gold pieces
  5204 | D:6      | Bought a scroll of enchant armour for 90 gold pieces
  5335 | D:6      | Found a hide-covered altar of Uskayaw.
  5409 | D:6      | Found Tupaitru's Antique Armour Emporium.
  5501 | D:6      | Reached skill level 1 in Evocations
  5535 | D:6      | Found a snail-covered altar of Cheibriados.
  5769 | D:6      | Reached skill level 6 in Fighting
  5851 | D:6      | Found an ornate altar of the Wu Jian Council.
  5936 | D:6      | Found Daryrov's General Store.
  5950 | D:6      | Bought 2 potions of curing for 84 gold pieces
  6023 | D:7      | Found a flagged portal.
  6102 | Bailey   | Entered a bailey
  6134 | Bailey   | Reached XP level 10. HP: 25/75 MP: 0/0
  6149 | Bailey   | Reached skill level 7 in Fighting
  6154 | Bailey   | Mangled by a human

Illustrated notes

Levels and vault maps discovered:
D:1:      psy_arrival_conway, layout_rooms
D:2:      layout_rooms, serial_forest, infiniplex_forest_lined_corner,
          infiniplex_forest_straight_2, infiniplex_forest_clump_curved,
          infiniplex_forest_3_way, infiniplex_forest_diagonal,
          infiniplex_forest_lined_2, infiniplex_forest_end_double, serial_shops,
          nicolae_shop_rolling_square, basic_altar, uniq_terence, uniq_sigmund
D:3:      layout_basic, mainiacjoe_overflow_catch_the_wave,
          minmay_fractal_squares_gapless_5
D:4:      layout_loops_corners, ebering_ghost_reflecting_pool,
          kennysheep_generic_room_2
D:5:      kennysheep_kobold_camp, layout_basic, nicolae_overflow_crystal_walls,
          minmay_temple_entry_purple_smoke, cheibrodos_gnoll_hut
D:6:      layout_rooms, mainiacjoe_overflow_alcove_2,
          nicolae_wu_jian_immortal_techniques, lemuel_crystal_altar,
          marbit_many_paths, serial_shops, nicolae_shop_hallway_stairs, shop,
          nicolae_shop_tiny_statue_garden
D:7:      layout_cave_pools, mainiacjoe_overflow_six_doors_small, serial_shops,
          shop, enter_bailey_2
Temple:   hellmonk_temple_forest_ring
Bailey:   bailey_axe_froggy_fort_hellmonk, bailey

Skill      XL: |  1  2  3  4  5  6  7  8  9 10 |
---------------+-------------------------------+-----
Spellcasting   | 3 4 5 6 |  6.8
Fighting       | 2 3 4 5 6 7 |  7.0
Short Blades   | 1 3 4 |  4.3
Armour         | 1 3 4 |  4.0
Stealth        | 2 3 |  3.0
Evocations     | 2 |  2.6
Dodging        | 3 |  3.8

Action                     |  1- 3 |  4- 6 |  7- 9 | 10-12 || total
---------------------------+-------+-------+-------+-------++-------
  Melee: Dagger            |     3 |     4 |    22 |       ||    29
   Cast: Foxfire           |    52 |   104 |   224 |    13 ||   393
         Scorch            |     1 |     8 |    45 |     5 ||    59
         Flame Wave        |       |       |     6 |       ||     6
         Volatile Blastmot |       |       |     2 |       ||     2
         Gell's Gravitas   |       |       |     1 |       ||     1
 Invoke: Curse Item        |       |       |     1 |       ||     1
    Use: Scroll            |       |       |     9 |     1 ||    10
         Potion            |       |       |       |     1 ||     1
   Stab: Sleeping          |     1 |       |       |       ||     1
 Armour: Robe              |     2 |     5 |     8 |       ||    15
         Ring mail         |       |       |    21 |     2 ||    23
  Dodge: Dodged            |    20 |    10 |    41 |     3 ||    74
